Blackhawks vs Canucks
Created - 29 novembre 2014 at 19:09
Goals
|
| Blackhawks |
1 |
4 |
3 |
8 |
| Canucks |
2 |
1 |
1 |
4 |
|
Shots
|
| Blackhawks |
11 |
14 |
15 |
40 |
| Canucks |
7 |
13 |
7 |
27 |
|
1st period
1. Canucks , Maxim Lapierre 6 (Nikolai Zherdev) at 3:54
2. Canucks , Andy Rogers 1 (Peter Worrell, Jaromir Jagr) at 4:47
3. Blackhawks , Robert Nilsson 15 (Henrik Zetterberg) at 11:56 (PP)
Penalties :
Karl Alzner (Van) for Tripping (Minor) at 11:43, Chris Campoli (Chi) for Hooking (Minor) at 15:21, Andy Rogers (Van) for Tripping (Minor) at 17:37, Oleg Kvasha (Chi) for Holding (Minor) at 19:47
2nd period
4. Blackhawks , Chris Higgins 8 (Dominic Moore, Scott Gomez) at 2:31
5. Blackhawks , Steve McCarthy 3 (Chris Higgins, Johnny Oduya) at 9:12
6. Blackhawks , Scott Gomez 12 (Kris Versteeg) at 9:44
7. Blackhawks , Henrik Zetterberg 19 (Jamie Langenbrunner, Johnny Oduya) at 9:51
8. Canucks , Peter Worrell 8 (Jaromir Jagr, Matt Stajan) at 18:17 (PP)
Penalties :
Chris Campoli (Chi) for Holding (Minor) at 17:28, Jamie Langenbrunner (Chi) for Interference (Minor) at 17:39
3rd period
9. Blackhawks , Scott Gomez 13 (Chris Campoli) at 4:37
10. Blackhawks , Kris Versteeg 12 (Henrik Zetterberg, Robert Nilsson) at 7:13 (PP)
11. Blackhawks , George Parros 6 (Chris Campoli) at 7:19
12. Canucks , Alex Goligoski 3 (David Jones, Clarke MacArthur) at 11:04 (PP)
Penalties :
Steve Montador (Van) for Roughing (Minor) at 6:15, George Parros (Chi) for Hooking (Minor) at 9:40, Peter Worrell (Van) for Fighting (Major) at 12:37, Henrik Zetterberg (Chi) for Fighting (Major) at 12:37, Peter Worrell (Van) for instigated a fight (Minor) at 12:37, Peter Worrell (Van) for instigated a fight (10 Minutes Misconduct) at 12:37
Goalie Stats
Jocelyn Thibault (Chi), 23 saves from 27 shots - (0,852), W, 5-1-0, 60:00 minutes
Carey Price (Van), 19 saves from 23 shots - (0,826), 42:25 minutes
José Theodore (Van), 13 saves from 17 shots - (0,765), L, 0-1-0, 17:35 minutes
Players Stats for Blackhawks
Player Name G A P +/- PIM S H SB GA TA FO MP PP MP PK MP
------------------------------------------------------------------------------------
Chris Campoli 0 2 2 1 4 1 3 1 0 1 0/0 17:08 1:42 1:15
Chris Higgins 1 1 2 2 0 4 0 0 0 0 0/0 13:35 2:04 1:34
Dominic Moore 0 1 1 2 0 2 2 0 0 0 7/10 14:27 0:48 3:46
George Parros 1 0 1 2 2 2 0 1 0 0 1/1 10:16 0:29 0:00
Henrik Zetterberg 1 2 3 1 5 7 2 0 0 0 3/3 18:36 2:14 0:38
Jamie Langenbrunner 0 1 1 1 2 2 2 0 0 0 0/1 20:46 1:17 2:57
Jeff Schultz 0 0 0 1 0 0 2 0 0 0 0/0 16:16 0:00 2:14
John Carlson 0 0 0 0 0 1 1 0 0 1 0/0 16:11 3:27 0:46
Johnny Oduya 0 2 2 3 0 1 2 1 0 2 0/0 25:13 3:27 0:51
Kris Versteeg 1 1 2 1 0 7 0 0 0 0 0/3 18:13 3:23 1:47
Linus Omark 0 0 0 0 0 0 1 0 0 0 1/1 8:42 0:32 0:00
Oleg Kvasha 0 0 0 0 2 0 0 0 0 0 1/1 9:54 0:00 1:38
Robert Nilsson 1 1 2 1 0 6 3 0 1 0 19/31 20:01 3:23 0:18
Scott Gomez 2 1 3 1 0 4 1 1 0 0 7/15 16:15 1:17 1:47
Sheldon Keefe 0 0 0 0 0 0 1 2 0 0 0/0 7:59 0:00 0:00
Steve Bernier 0 0 0 1 0 0 0 1 1 1 0/1 12:54 0:00 0:00
Steve McCarthy 1 0 1 3 0 2 2 0 1 3 0/0 28:24 1:42 5:18
Wes O'Neill 0 0 0 0 0 1 1 0 0 0 0/0 16:54 0:00 4:40
Players Stats for Canucks
Player Name G A P +/- PIM S H SB GA TA FO MP PP MP PK MP
------------------------------------------------------------------------------------
Alex Goligoski 1 0 1 -3 0 3 2 2 3 0 0/0 25:27 5:18 1:11
Alex Tanguay 0 0 0 1 0 0 0 1 0 0 0/0 12:46 0:00 1:32
Andy Rogers 1 0 1 -1 2 1 0 1 0 0 0/0 11:43 0:31 0:00
Chris Phillips 0 0 0 0 0 0 2 0 0 0 0/0 19:34 2:14 1:38
Clarke MacArthur 0 1 1 -3 0 4 0 1 0 1 0/0 17:38 3:00 0:37
David Jones 0 1 1 -3 0 1 1 0 0 0 1/1 17:09 3:00 0:00
Jaromir Jagr 0 2 2 0 0 3 0 0 1 0 3/8 22:51 4:32 3:19
Jeremy Williams 0 0 0 -2 0 1 1 0 0 0 0/0 7:34 0:00 0:00
Joe Sakic 0 0 0 -3 0 3 1 2 1 0 11/21 17:53 3:00 0:44
Karl Alzner 0 0 0 0 2 0 0 2 0 0 0/0 25:25 4:47 3:18
Matt Stajan 0 1 1 0 0 1 0 1 0 0 9/30 20:17 4:32 0:29
Maxim Lapierre 1 0 1 1 0 3 3 0 0 0 0/2 10:28 0:00 0:00
Nikolai Zherdev 0 1 1 1 0 2 1 0 1 0 2/2 12:32 0:00 1:27
Peter Worrell 1 1 2 0 17 4 4 0 1 0 1/1 20:11 4:32 2:10
Ryan Craig 0 0 0 -2 0 0 2 0 1 0 1/2 7:34 0:00 0:00
Sami Lepisto 0 0 0 -1 0 0 0 0 0 1 0/0 12:51 0:00 1:38
Steve Montador 0 0 0 -3 2 0 0 1 0 1 0/0 25:05 2:14 2:33
Steve Ott 0 0 0 -2 0 1 1 0 0 0 0/0 7:49 0:00 0:00
3 Stars
1 - Scott Gomez (Chi)
2 - Robert Nilsson (Chi)
3 - Johnny Oduya (Chi)
Power Play
Blackhawks - 2 on 4 Attempt(s) - 50,00%
Canucks - 2 on 5 Attempt(s) - 40,00%
Penalty Kill
Blackhawks - 3 on 5 Attempt(s) - 60,00%
- Score 0 goal in Penalty Kill
Canucks - 2 on 4 Attempt(s) - 50,00%
- Score 0 goal in Penalty Kill
Official
Referees : Banfield David and McCreary Bill
Linesman : Tony Sericolo and Michel Cormier
Game Notes
José Theodore enters game at 9:44 of 2nd period
Carey Price enters game at 7:19 of 3rd period
Peter Worrell beats up Henrik Zetterberg at 12:37 of 3rd period
Finance
Level 1 -- Attendance: 4233 (70,55%) -- Ticket Income 389 436 $
Level 2 -- Attendance: 5000 (100,00%) -- Ticket Income 260 000 $
Level 3 -- Attendance: 2000 (100,00%) -- Ticket Income 60 000 $
Level 4 -- Attendance: 3673 (91,83%) -- Ticket Income 62 441 $
Luxury Box -- Attendance: 982 (98,20%) -- Ticket Income 98 200 $
Game was played at the Budweiser Coliseum
Total Attendance: 15888 (88,27%)
Total Ticket Income: 870 077 $
Other Income: 130 512 $
Total Income: 1 000 589 $
Blackhawks
5 vs 5 Forward
Center Left Wing Right Wing Time % Phy DF OF
1 Robert Nilsson Henrik Zetterberg Jamie Langenbrunner 40 1 2 2
2 Scott Gomez Kris Versteeg Steve Bernier 30 1 2 2
3 Dominic Moore Chris Higgins George Parros 20 1 2 2
4 Oleg Kvasha Linus Omark Sheldon Keefe 10 1 2 2
5 vs 5 Defense
Defense Defense Time % Phy DF OF
1 Johnny Oduya Steve McCarthy 40 1 2 2
2 Jeff Schultz Chris Campoli 30 1 2 2
3 Wes O'Neill John Carlson 20 1 2 2
4 Johnny Oduya Steve McCarthy 10 1 2 2
PowerPlay Forward
Center Left Wing Right Wing Time % Phy DF OF
1 Robert Nilsson Henrik Zetterberg Kris Versteeg 60 1 0 4
2 Scott Gomez Chris Higgins Jamie Langenbrunner 40 1 0 4
PowerPlay Defense
Defense Defense Time % Phy DF OF
1 Johnny Oduya John Carlson 60 1 1 3
2 Steve McCarthy Chris Campoli 40 1 1 3
Penalty Kill 4 Players Forward
Center Wing Time % Phy DF OF
1 Dominic Moore Jamie Langenbrunner 60 1 3 1
2 Kris Versteeg Scott Gomez 40 1 3 1
Penalty Kill 4 Players Defense
Defense Defense Time % Phy DF OF
1 Wes O'Neill Steve McCarthy 60 1 3 1
2 Jeff Schultz Chris Campoli 40 1 3 1
Penalty Kill - 3 Players Forward
Forward Time % Phy DF OF
1 Henrik Zetterberg 60 1 4 0
2 Robert Nilsson 40 1 4 0
Penalty Kill - 3 Players Defense
Defense Defense Time % Phy DF OF
1 Johnny Oduya Steve McCarthy 60 1 4 0
2 Jeff Schultz Chris Campoli 40 1 4 0
4 vs 4 Forward
Center Wing Time % Phy DF OF
1 Robert Nilsson Henrik Zetterberg 60 1 2 2
2 Scott Gomez Kris Versteeg 40 1 2 2
4 vs 4 Defense
Defense Defense Time % Phy DF OF
1 Johnny Oduya Steve McCarthy 60 1 2 2
2 Jeff Schultz Chris Campoli 40 1 2 2
Last Minutes Offensive
Center Left Wing Right Wing Defense Defense
Robert Nilsson Henrik Zetterberg Kris Versteeg Johnny Oduya Steve McCarthy
Last Minutes Defensive
Center Left Wing Right Wing Defense Defense
Robert Nilsson Henrik Zetterberg Jamie Langenbrunner Johnny Oduya Steve McCarthy
Goaltenders
Starting : Jocelyn Thibault
Backup : Roberto Luongo
Extra Forwards
Normal : Chris Higgins, Dominic Moore, Oleg Kvasha - PP : Chris Higgins, Dominic Moore - PK : Oleg Kvasha
Extra Defensemen
Normal : Wes O'Neill, John Carlson, Jeff Schultz - PP : Wes O'Neill - PK : John Carlson, Jeff Schultz
Penalty Shots
Henrik Zetterberg, Robert Nilsson, Kris Versteeg, Scott Gomez, Jamie Langenbrunner
Canucks
5 vs 5 Forward
Center Left Wing Right Wing Time % Phy DF OF
1 Matt Stajan Peter Worrell Jaromir Jagr 40 0 2 3
2 Joe Sakic Clarke MacArthur David Jones 39 0 2 3
3 Maxim Lapierre Alex Tanguay Nikolai Zherdev 20 0 2 3
4 Ryan Craig Steve Ott Jeremy Williams 1 0 3 2
5 vs 5 Defense
Defense Defense Time % Phy DF OF
1 Steve Montador Alex Goligoski 40 0 3 2
2 Karl Alzner Chris Phillips 30 0 3 2
3 Andy Rogers Sami Lepisto 20 0 3 2
4 Steve Montador Karl Alzner 10 0 3 2
PowerPlay Forward
Center Left Wing Right Wing Time % Phy DF OF
1 Matt Stajan Peter Worrell Jaromir Jagr 60 0 2 3
2 Joe Sakic Clarke MacArthur David Jones 40 0 2 3
PowerPlay Defense
Defense Defense Time % Phy DF OF
1 Alex Goligoski Karl Alzner 60 0 2 3
2 Chris Phillips Steve Montador 40 0 2 3
Penalty Kill 4 Players Forward
Center Wing Time % Phy DF OF
1 Jaromir Jagr Peter Worrell 60 1 2 2
2 Matt Stajan Joe Sakic 40 1 2 2
Penalty Kill 4 Players Defense
Defense Defense Time % Phy DF OF
1 Steve Montador Karl Alzner 60 1 2 2
2 Chris Phillips Sami Lepisto 40 1 2 2
Penalty Kill - 3 Players Forward
Forward Time % Phy DF OF
1 Jaromir Jagr 60 1 2 2
2 Peter Worrell 40 1 2 2
Penalty Kill - 3 Players Defense
Defense Defense Time % Phy DF OF
1 Steve Montador Karl Alzner 60 1 2 2
2 Chris Phillips Sami Lepisto 40 1 2 2
4 vs 4 Forward
Center Wing Time % Phy DF OF
1 Jaromir Jagr Peter Worrell 60 1 2 2
2 Matt Stajan Joe Sakic 40 1 2 2
4 vs 4 Defense
Defense Defense Time % Phy DF OF
1 Steve Montador Karl Alzner 60 1 2 2
2 Chris Phillips Sami Lepisto 40 1 2 2
Last Minutes Offensive
Center Left Wing Right Wing Defense Defense
Matt Stajan Peter Worrell Jaromir Jagr Steve Montador Karl Alzner
Last Minutes Defensive
Center Left Wing Right Wing Defense Defense
Matt Stajan Peter Worrell Jaromir Jagr Steve Montador Karl Alzner
Goaltenders
Starting : Carey Price
Backup : José Theodore
Extra Forwards
Normal : Steve Ott, Alex Tanguay, Nikolai Zherdev - PP : Steve Ott, Alex Tanguay - PK : Nikolai Zherdev
Extra Defensemen
Normal : Andy Rogers, Alex Goligoski, Chris Phillips - PP : Andy Rogers - PK : Alex Goligoski, Chris Phillips
Penalty Shots
Jaromir Jagr, Peter Worrell, Matt Stajan, Joe Sakic, Clarke MacArthur
% Time on Ice - Blackhawks
Lines # - Real PCT - Wanted PCT - Time Play
Normal Forward
1 - 35% - 40% - 16:21
2 - 28% - 30% - 13:19
3 - 20% - 20% - 9:40
4 - 17% - 10% - 7:59
Normal Defense
1 - 41% - 40% - 19:16
2 - 30% - 30% - 14:17
3 - 25% - 20% - 11:53
4 - 4% - 10% - 1:53
PP Forward
1 - 73% - 60% - 3:47
2 - 27% - 40% - 1:22
PP Defense
1 - 67% - 60% - 3:27
2 - 33% - 40% - 1:42
PK Forward
1 - 74% - 60% - 5:07
2 - 26% - 40% - 1:47
PK Defense
1 - 68% - 60% - 4:40
2 - 32% - 40% - 2:14
PK3 Forward
1 - 100% - 60% - 0:38
2 - 0% - 40% - 0:00
PK3 Defense
1 - 100% - 60% - 0:38
2 - 0% - 40% - 0:00
44 Forward
1 - 0% - 60%
2 - 0% - 40%
44 Defense
1 - 0% - 60%
2 - 0% - 40%
Last Minute Offensive - 0:00
Last Minute Defensive - 0:00
Total
Forward - 60:00
Defense - 60:00
|
% Time on Ice - Canucks
Lines # - Real PCT - Wanted PCT - Time Play
Normal Forward
1 - 32% - 40% - 15:08
2 - 30% - 39% - 14:09
3 - 22% - 20% - 10:28
4 - 16% - 1% - 7:34
Normal Defense
1 - 41% - 40% - 19:13
2 - 33% - 30% - 15:23
3 - 23% - 20% - 11:05
4 - 3% - 10% - 1:38
PP Forward
1 - 60% - 60% - 4:32
2 - 40% - 40% - 3:00
PP Defense
1 - 70% - 60% - 5:18
2 - 30% - 40% - 2:14
PK Forward
1 - 91% - 60% - 4:40
2 - 9% - 40% - 0:29
PK Defense
1 - 68% - 60% - 3:31
2 - 32% - 40% - 1:38
PK3 Forward
1 - 0% - 60%
2 - 0% - 40%
PK3 Defense
1 - 0% - 60%
2 - 0% - 40%
44 Forward
1 - 0% - 60%
2 - 0% - 40%
44 Defense
1 - 0% - 60%
2 - 0% - 40%
Last Minute Offensive - 0:00
Last Minute Defensive - 0:00
Total
Forward - 60:00
Defense - 60:00
|
Play by Play
1st period
0:01 of 1st period - Henrik Zetterberg wins face-off versus Jaromir Jagr in neutral zone.
0:08 of 1st period - Backhand shot by Henrik Zetterberg.
0:08 of 1st period - Shot Blocked by Alex Goligoski.
0:48 of 1st period - Off-side.
0:49 of 1st period - Linus Omark wins face-off versus Maxim Lapierre in neutral zone.
1:09 of 1st period - Off-side.
1:10 of 1st period - Dominic Moore wins face-off versus Joe Sakic in neutral zone.
1:13 of 1st period - Sami Lepisto is hit by Dominic Moore.
2:46 of 1st period - Slapshot by Chris Higgins.
2:46 of 1st period - Stopped by Carey Price with a rebound.
2:48 of 1st period - Wrist shot by Dominic Moore.
2:48 of 1st period - Shot Misses the Net.
2:50 of 1st period - Snap shot by Dominic Moore.
2:50 of 1st period - Stopped by Carey Price with a rebound.
2:52 of 1st period - Slapshot by Jeff Schultz.
2:52 of 1st period - Shot Misses the Net.
3:02 of 1st period - Clarke MacArthur is hit by Scott Gomez and loses puck.
3:45 of 1st period - John Carlson is hit by Maxim Lapierre and loses puck.
3:54 of 1st period - Wrist shot by Maxim Lapierre.
3:54 of 1st period - Goal by Maxim Lapierre - Blackhawks : 0 - Canucks : 1.
3:55 of 1st period - Robert Nilsson wins face-off versus Matt Stajan in neutral zone.
3:58 of 1st period - Wrist shot by Robert Nilsson.
3:58 of 1st period - Stopped by Carey Price without a rebound.
3:59 of 1st period - Robert Nilsson wins face-off versus Matt Stajan in Canucks zone.
4:33 of 1st period - Off-side.
4:34 of 1st period - Matt Stajan wins face-off versus Scott Gomez in neutral zone.
4:43 of 1st period - Wrist shot by Jaromir Jagr.
4:43 of 1st period - Shot Misses the Net.
4:45 of 1st period - Wrist shot by Peter Worrell.
4:45 of 1st period - Stopped by Jocelyn Thibault with a rebound.
4:47 of 1st period - Slapshot by Andy Rogers.
4:47 of 1st period - Goal by Andy Rogers - Blackhawks : 0 - Canucks : 2.
4:48 of 1st period - Matt Stajan wins face-off versus Scott Gomez in neutral zone.
5:44 of 1st period - Off-side.
5:45 of 1st period - Robert Nilsson wins face-off versus Matt Stajan in neutral zone.
6:42 of 1st period - Slapshot by Maxim Lapierre.
6:42 of 1st period - Deflect By Nikolai Zherdev.
6:42 of 1st period - Stopped by Jocelyn Thibault without a rebound.
6:43 of 1st period - Robert Nilsson wins face-off versus Matt Stajan in Blackhawks zone.
7:27 of 1st period - David Jones is hit by Jamie Langenbrunner and loses puck.
7:36 of 1st period - Snap shot by Henrik Zetterberg.
7:36 of 1st period - Shot Misses the Net.
7:38 of 1st period - Backhand shot by Henrik Zetterberg.
7:38 of 1st period - Shot Misses the Net.
7:44 of 1st period - Wrist shot by Henrik Zetterberg.
7:44 of 1st period - Stopped by Carey Price without a rebound.
7:45 of 1st period - Scott Gomez wins face-off versus Matt Stajan in Canucks zone.
8:10 of 1st period - Dominic Moore is hit by Joe Sakic and loses puck.
8:45 of 1st period - Oleg Kvasha is hit by Maxim Lapierre and loses puck.
9:04 of 1st period - Icing by Matt Stajan.
9:05 of 1st period - Matt Stajan wins face-off versus Scott Gomez in Canucks zone.
9:20 of 1st period - Snap shot by Jaromir Jagr.
9:20 of 1st period - Shot Misses the Net.
9:22 of 1st period - Snap shot by Jaromir Jagr.
9:22 of 1st period - Shot Blocked by Steve Bernier.
9:24 of 1st period - Backhand shot by Sami Lepisto.
9:24 of 1st period - Shot Blocked by Johnny Oduya.
9:26 of 1st period - Snap shot by Peter Worrell.
9:26 of 1st period - Shot Misses the Net.
9:28 of 1st period - Snap shot by Andy Rogers.
9:28 of 1st period - Deflect By Jaromir Jagr.
9:28 of 1st period - Stopped by Jocelyn Thibault without a rebound.
9:29 of 1st period - Joe Sakic wins face-off versus Jamie Langenbrunner in Blackhawks zone.
9:43 of 1st period - Wrist shot by Robert Nilsson.
9:43 of 1st period - Stopped by Carey Price with a rebound.
9:55 of 1st period - John Carlson is hit by Alex Goligoski and loses puck.
10:18 of 1st period - Snap shot by Scott Gomez.
10:18 of 1st period - Shot Misses the Net.
10:24 of 1st period - Kris Versteeg is hit by Peter Worrell and loses puck.
10:37 of 1st period - Nikolai Zherdev is hit by Linus Omark.
10:57 of 1st period - John Carlson is hit by Nikolai Zherdev and loses puck.
11:26 of 1st period - Snap shot by Maxim Lapierre.
11:26 of 1st period - Stopped by Jocelyn Thibault with a rebound.
11:43 of 1st period - Minor Penalty to Karl Alzner for Tripping.
11:44 of 1st period - Robert Nilsson wins face-off versus Jaromir Jagr in Canucks zone.
11:48 of 1st period - Snap shot by Robert Nilsson.
11:48 of 1st period - Shot Misses the Net.
11:50 of 1st period - Backhand shot by Steve McCarthy.
11:50 of 1st period - Stopped by Carey Price with a rebound.
11:52 of 1st period - Slapshot by Chris Campoli.
11:52 of 1st period - Deflect By Kris Versteeg.
11:52 of 1st period - Stopped by Carey Price without a rebound.
11:53 of 1st period - Robert Nilsson wins face-off versus Jaromir Jagr in Canucks zone.
11:54 of 1st period - Slapshot by Henrik Zetterberg.
11:54 of 1st period - Shot Misses the Net.
11:56 of 1st period - Snap shot by Robert Nilsson.
11:56 of 1st period - Goal by Robert Nilsson - Blackhawks : 1 - Canucks : 2.
11:57 of 1st period - Joe Sakic wins face-off versus Robert Nilsson in neutral zone.
11:59 of 1st period - Alex Goligoski is hit by Steve McCarthy and loses puck.
12:13 of 1st period - Snap shot by Henrik Zetterberg.
12:13 of 1st period - Stopped by Carey Price without a rebound.
12:14 of 1st period - Peter Worrell wins face-off versus Scott Gomez in Canucks zone.
12:48 of 1st period - Snap shot by George Parros.
12:48 of 1st period - Stopped by Carey Price with a rebound.
13:54 of 1st period - Slapshot by Maxim Lapierre.
13:54 of 1st period - Shot Misses the Net.
14:17 of 1st period - Wrist shot by Joe Sakic.
14:17 of 1st period - Shot Misses the Net.
14:39 of 1st period - Johnny Oduya is hit by Ryan Craig and loses puck.
15:21 of 1st period - Minor Penalty to Chris Campoli for Hooking.
15:22 of 1st period - Matt Stajan wins face-off versus Dominic Moore in Blackhawks zone.
16:58 of 1st period - Matt Stajan is hit by Steve McCarthy and loses puck.
17:21 of 1st period - Penalty to Chris Campoli is over, Chris Campoli is back on ice.
17:28 of 1st period - Icing by Kris Versteeg.
17:29 of 1st period - Scott Gomez wins face-off versus Maxim Lapierre in Blackhawks zone.
17:37 of 1st period - Minor Penalty to Andy Rogers for Tripping.
17:38 of 1st period - Jaromir Jagr wins face-off versus Robert Nilsson in Canucks zone.
17:38 of 1st period - Jaromir Jagr is hit by Robert Nilsson.
17:47 of 1st period - Slapshot by Johnny Oduya.
17:47 of 1st period - Shot Misses the Net.
17:49 of 1st period - Snap shot by Kris Versteeg.
17:49 of 1st period - Stopped by Carey Price with a rebound.
17:51 of 1st period - Snap shot by Johnny Oduya.
17:51 of 1st period - Shot Misses the Net.
19:37 of 1st period - Penalty to Andy Rogers is over, Andy Rogers is back on ice.
19:44 of 1st period - Wrist shot by Joe Sakic.
19:44 of 1st period - Stopped by Jocelyn Thibault without a rebound.
19:45 of 1st period - Oleg Kvasha wins face-off versus Joe Sakic in Blackhawks zone.
19:47 of 1st period - Minor Penalty to Oleg Kvasha for Holding.
19:48 of 1st period - Dominic Moore wins face-off versus Matt Stajan in Blackhawks zone.
Goals for this period are 1 for Blackhawks vs 2 for Canucks.
Shots for this period are 11 for Blackhawks vs 7 for Canucks.
2nd period
0:01 of 2nd period - Dominic Moore wins face-off versus Matt Stajan in neutral zone.
0:33 of 2nd period - Slapshot by Chris Phillips.
0:33 of 2nd period - Shot Misses the Net.
1:47 of 2nd period - Penalty to Oleg Kvasha is over, Oleg Kvasha is back on ice.
2:31 of 2nd period - Snap shot by Chris Higgins.
2:31 of 2nd period - Goal by Chris Higgins - Blackhawks : 2 - Canucks : 2.
2:32 of 2nd period - Matt Stajan wins face-off versus Robert Nilsson in neutral zone.
2:40 of 2nd period - Johnny Oduya is hit by Peter Worrell and loses puck.
3:41 of 2nd period - Off-side.
3:42 of 2nd period - Robert Nilsson wins face-off versus Ryan Craig in neutral zone.
3:59 of 2nd period - Wrist shot by Henrik Zetterberg.
3:59 of 2nd period - Stopped by Carey Price with a rebound.
4:58 of 2nd period - Wrist shot by Chris Higgins.
4:58 of 2nd period - Deflect By Alex Goligoski.
4:58 of 2nd period - Shot Blocked by Steve Montador.
4:58 of 2nd period - Puck is out of play.
4:59 of 2nd period - Dominic Moore wins face-off versus Joe Sakic in Canucks zone.
5:06 of 2nd period - Snap shot by Chris Higgins.
5:06 of 2nd period - Stopped by Carey Price without a rebound.
5:07 of 2nd period - Robert Nilsson wins face-off versus Joe Sakic in Canucks zone.
5:20 of 2nd period - Slapshot by Henrik Zetterberg.
5:20 of 2nd period - Shot Blocked by Karl Alzner.
5:32 of 2nd period - Wrist shot by Scott Gomez.
5:32 of 2nd period - Stopped by Carey Price with a rebound.
6:11 of 2nd period - Wrist shot by Matt Stajan.
6:11 of 2nd period - Shot Misses the Net.
6:13 of 2nd period - Wrist shot by Jaromir Jagr.
6:13 of 2nd period - Stopped by Jocelyn Thibault with a rebound.
6:19 of 2nd period - Backhand shot by Matt Stajan.
6:19 of 2nd period - Deflect By Peter Worrell.
6:19 of 2nd period - Stopped by Jocelyn Thibault without a rebound.
6:20 of 2nd period - Joe Sakic wins face-off versus Robert Nilsson in Blackhawks zone.
6:45 of 2nd period - Alex Goligoski is hit by Jeff Schultz and loses puck.
7:37 of 2nd period - Icing by Clarke MacArthur.
7:38 of 2nd period - Joe Sakic wins face-off versus Scott Gomez in Canucks zone.
7:38 of 2nd period - Joe Sakic is hit by Chris Campoli.
7:48 of 2nd period - Wrist shot by Clarke MacArthur.
7:48 of 2nd period - Stopped by Jocelyn Thibault without a rebound.
7:49 of 2nd period - Robert Nilsson wins face-off versus Matt Stajan in Blackhawks zone.
7:58 of 2nd period - Alex Goligoski is hit by Jamie Langenbrunner and loses puck.
8:55 of 2nd period - Steve McCarthy is hit by Steve Ott and loses puck.
9:10 of 2nd period - Snap shot by Chris Higgins.
9:10 of 2nd period - Shot Blocked by Andy Rogers.
9:12 of 2nd period - Slapshot by Steve McCarthy.
9:12 of 2nd period - Deflect By Andy Rogers.
9:12 of 2nd period - Goal by Steve McCarthy - Blackhawks : 3 - Canucks : 2.
9:13 of 2nd period - Robert Nilsson wins face-off versus Matt Stajan in neutral zone.
9:16 of 2nd period - Matt Stajan is hit by Robert Nilsson and loses puck.
9:39 of 2nd period - Joe Sakic is hit by Chris Campoli and loses puck.
9:44 of 2nd period - Snap shot by Kris Versteeg.
9:44 of 2nd period - Deflect By Scott Gomez.
9:44 of 2nd period - Goal by Scott Gomez - Blackhawks : 4 - Canucks : 2.
9:44 of 2nd period - José Theodore enters game.
9:45 of 2nd period - Robert Nilsson wins face-off versus Matt Stajan in neutral zone.
9:51 of 2nd period - Snap shot by Henrik Zetterberg.
9:51 of 2nd period - Goal by Henrik Zetterberg - Blackhawks : 5 - Canucks : 2.
9:52 of 2nd period - Robert Nilsson wins face-off versus Matt Stajan in neutral zone.
10:42 of 2nd period - Dominic Moore is hit by Ryan Craig and loses puck.
12:26 of 2nd period - Icing by George Parros.
12:27 of 2nd period - Dominic Moore wins face-off versus Matt Stajan in Blackhawks zone.
12:45 of 2nd period - Wes O'Neill is hit by Peter Worrell.
12:57 of 2nd period - Snap shot by Alex Tanguay.
12:57 of 2nd period - Shot Misses the Net.
13:21 of 2nd period - Slapshot by Joe Sakic.
13:21 of 2nd period - Shot Misses the Net.
13:23 of 2nd period - Slapshot by Joe Sakic.
13:23 of 2nd period - Shot Misses the Net.
13:25 of 2nd period - Backhand shot by Joe Sakic.
13:25 of 2nd period - Stopped by Jocelyn Thibault with a rebound.
13:27 of 2nd period - Wrist shot by David Jones.
13:27 of 2nd period - Stopped by Jocelyn Thibault with a rebound.
13:29 of 2nd period - Wrist shot by Clarke MacArthur.
13:29 of 2nd period - Stopped by Jocelyn Thibault with a rebound.
14:07 of 2nd period - Slapshot by Peter Worrell.
14:07 of 2nd period - Shot Misses the Net.
14:09 of 2nd period - Slapshot by Matt Stajan.
14:09 of 2nd period - Shot Blocked by Chris Campoli.
14:11 of 2nd period - Snap shot by Matt Stajan.
14:11 of 2nd period - Shot Misses the Net.
14:28 of 2nd period - Snap shot by Maxim Lapierre.
14:28 of 2nd period - Stopped by Jocelyn Thibault without a rebound.
14:29 of 2nd period - Joe Sakic wins face-off versus Scott Gomez in Blackhawks zone.
15:26 of 2nd period - Backhand shot by Alex Tanguay.
15:26 of 2nd period - Shot Misses the Net.
15:46 of 2nd period - Wrist shot by David Jones.
15:46 of 2nd period - Shot Misses the Net.
15:48 of 2nd period - Slapshot by Joe Sakic.
15:48 of 2nd period - Stopped by Jocelyn Thibault with a rebound.
16:06 of 2nd period - Wrist shot by Kris Versteeg.
16:06 of 2nd period - Deflect By Karl Alzner.
16:06 of 2nd period - Stopped by José Theodore with a rebound.
16:32 of 2nd period - Snap shot by Matt Stajan.
16:32 of 2nd period - Stopped by Jocelyn Thibault without a rebound.
16:33 of 2nd period - Scott Gomez wins face-off versus Joe Sakic in Blackhawks zone.
16:38 of 2nd period - Snap shot by Steve McCarthy.
16:38 of 2nd period - Shot Blocked by Clarke MacArthur.
16:40 of 2nd period - Snap shot by Scott Gomez.
16:40 of 2nd period - Stopped by José Theodore with a rebound.
16:42 of 2nd period - Wrist shot by Scott Gomez.
16:42 of 2nd period - Deflect By Steve Bernier.
16:42 of 2nd period - Shot Blocked by Joe Sakic.
16:42 of 2nd period - Puck is out of play.
16:43 of 2nd period - Scott Gomez wins face-off versus Joe Sakic in Canucks zone.
16:44 of 2nd period - Wrist shot by Kris Versteeg.
16:44 of 2nd period - Stopped by José Theodore with a rebound.
16:50 of 2nd period - Wrist shot by Kris Versteeg.
16:50 of 2nd period - Stopped by José Theodore without a rebound.
16:51 of 2nd period - Robert Nilsson wins face-off versus Jaromir Jagr in Canucks zone.
17:16 of 2nd period - David Jones is hit by Johnny Oduya and loses puck.
17:20 of 2nd period - Icing by David Jones.
17:21 of 2nd period - Joe Sakic wins face-off versus Scott Gomez in Canucks zone.
17:21 of 2nd period - Joe Sakic is hit by Jeff Schultz.
17:28 of 2nd period - Minor Penalty to Chris Campoli for Holding.
17:29 of 2nd period - Dominic Moore wins face-off versus Matt Stajan in Blackhawks zone.
17:29 of 2nd period - Dominic Moore is hit by Alex Goligoski.
17:39 of 2nd period - Minor Penalty to Jamie Langenbrunner for Interference.
17:40 of 2nd period - Henrik Zetterberg wins face-off versus Matt Stajan in Blackhawks zone.
17:49 of 2nd period - Slapshot by Alex Goligoski.
17:49 of 2nd period - Stopped by Jocelyn Thibault without a rebound.
17:50 of 2nd period - Henrik Zetterberg wins face-off versus Matt Stajan in Blackhawks zone.
18:07 of 2nd period - Wrist shot by Peter Worrell.
18:07 of 2nd period - Stopped by Jocelyn Thibault with a rebound.
18:09 of 2nd period - Wrist shot by Jaromir Jagr.
18:09 of 2nd period - Stopped by Jocelyn Thibault with a rebound.
18:17 of 2nd period - Slapshot by Peter Worrell.
18:17 of 2nd period - Goal by Peter Worrell - Blackhawks : 5 - Canucks : 3.
18:18 of 2nd period - Dominic Moore wins face-off versus Matt Stajan in neutral zone.
18:21 of 2nd period - Slapshot by Wes O'Neill.
18:21 of 2nd period - Stopped by José Theodore with a rebound.
18:23 of 2nd period - Wrist shot by Oleg Kvasha.
18:23 of 2nd period - Shot Blocked by Matt Stajan.
18:25 of 2nd period - Slapshot by Steve McCarthy.
18:25 of 2nd period - Shot Misses the Net.
18:27 of 2nd period - Wrist shot by Oleg Kvasha.
18:27 of 2nd period - Shot Misses the Net.
18:29 of 2nd period - Wrist shot by Dominic Moore.
18:29 of 2nd period - Stopped by José Theodore with a rebound.
18:40 of 2nd period - Icing by Jaromir Jagr.
18:41 of 2nd period - Joe Sakic wins face-off versus Dominic Moore in Canucks zone.
19:26 of 2nd period - Chris Higgins is hit by Chris Phillips and loses puck.
19:39 of 2nd period - Penalty to Jamie Langenbrunner is over, Jamie Langenbrunner is back on ice.
19:45 of 2nd period - Snap shot by Henrik Zetterberg.
19:45 of 2nd period - Deflect By Robert Nilsson.
19:45 of 2nd period - Stopped by José Theodore with a rebound.
Goals for this period are 4 for Blackhawks vs 1 for Canucks.
Shots for this period are 14 for Blackhawks vs 13 for Canucks.
3rd period
0:01 of 3rd period - Matt Stajan wins face-off versus Robert Nilsson in neutral zone.
0:10 of 3rd period - Snap shot by Jamie Langenbrunner.
0:10 of 3rd period - Stopped by José Theodore without a rebound.
0:11 of 3rd period - Robert Nilsson wins face-off versus Joe Sakic in Canucks zone.
0:14 of 3rd period - Snap shot by Henrik Zetterberg.
0:14 of 3rd period - Stopped by José Theodore with a rebound.
1:02 of 3rd period - Alex Tanguay is hit by Chris Campoli and loses puck.
1:11 of 3rd period - Dominic Moore is hit by Chris Phillips and loses puck.
1:30 of 3rd period - Wrist shot by Joe Sakic.
1:30 of 3rd period - Shot Blocked by Sheldon Keefe.
1:32 of 3rd period - Slapshot by David Jones.
1:32 of 3rd period - Shot Blocked by Sheldon Keefe.
1:57 of 3rd period - Alex Goligoski is hit by Wes O'Neill and loses puck.
2:10 of 3rd period - Snap shot by David Jones.
2:10 of 3rd period - Deflect By Clarke MacArthur.
2:10 of 3rd period - Stopped by Jocelyn Thibault with a rebound.
2:12 of 3rd period - Snap shot by David Jones.
2:12 of 3rd period - Shot Blocked by Scott Gomez.
3:04 of 3rd period - Chris Phillips is hit by Robert Nilsson and loses puck.
4:23 of 3rd period - Snap shot by Robert Nilsson.
4:23 of 3rd period - Shot Blocked by Karl Alzner.
4:25 of 3rd period - Slapshot by John Carlson.
4:25 of 3rd period - Stopped by José Theodore without a rebound.
4:26 of 3rd period - Joe Sakic wins face-off versus Steve Bernier in Canucks zone.
4:31 of 3rd period - Slapshot by Alex Goligoski.
4:31 of 3rd period - Stopped by Jocelyn Thibault with a rebound.
4:37 of 3rd period - Snap shot by Scott Gomez.
4:37 of 3rd period - Goal by Scott Gomez - Blackhawks : 6 - Canucks : 3.
4:38 of 3rd period - Scott Gomez wins face-off versus Matt Stajan in neutral zone.
5:03 of 3rd period - Wrist shot by Joe Sakic.
5:03 of 3rd period - Shot Blocked by George Parros.
5:05 of 3rd period - Wrist shot by David Jones.
5:05 of 3rd period - Shot Misses the Net.
5:07 of 3rd period - Slapshot by Clarke MacArthur.
5:07 of 3rd period - Shot Misses the Net.
5:09 of 3rd period - Snap shot by Clarke MacArthur.
5:09 of 3rd period - Shot Misses the Net.
5:11 of 3rd period - Wrist shot by Sami Lepisto.
5:11 of 3rd period - Deflect By Clarke MacArthur.
5:11 of 3rd period - Stopped by Jocelyn Thibault without a rebound.
5:12 of 3rd period - Scott Gomez wins face-off versus Jaromir Jagr in Blackhawks zone.
5:12 of 3rd period - Scott Gomez is hit by Peter Worrell.
5:24 of 3rd period - Wrist shot by Kris Versteeg.
5:24 of 3rd period - Stopped by José Theodore with a rebound.
5:27 of 3rd period - Icing by Alex Goligoski.
5:28 of 3rd period - Matt Stajan wins face-off versus Robert Nilsson in Canucks zone.
5:28 of 3rd period - Matt Stajan is hit by Henrik Zetterberg.
5:33 of 3rd period - Off-side.
5:34 of 3rd period - Joe Sakic wins face-off versus Robert Nilsson in neutral zone.
6:15 of 3rd period - Minor Penalty to Steve Montador for Roughing.
6:16 of 3rd period - Jaromir Jagr wins face-off versus Robert Nilsson in Canucks zone.
6:16 of 3rd period - Jaromir Jagr is hit by Henrik Zetterberg.
6:26 of 3rd period - Slapshot by Henrik Zetterberg.
6:26 of 3rd period - Stopped by José Theodore without a rebound.
6:27 of 3rd period - Jaromir Jagr wins face-off versus Robert Nilsson in Canucks zone.
6:54 of 3rd period - Karl Alzner is hit by Johnny Oduya and loses puck.
7:11 of 3rd period - Snap shot by Henrik Zetterberg.
7:11 of 3rd period - Shot Blocked by Alex Goligoski.
7:13 of 3rd period - Slapshot by Kris Versteeg.
7:13 of 3rd period - Goal by Kris Versteeg - Blackhawks : 7 - Canucks : 3.
7:14 of 3rd period - George Parros wins face-off versus Joe Sakic in neutral zone.
7:17 of 3rd period - Slapshot by Chris Campoli.
7:17 of 3rd period - Stopped by José Theodore with a rebound.
7:19 of 3rd period - Slapshot by George Parros.
7:19 of 3rd period - Goal by George Parros - Blackhawks : 8 - Canucks : 3.
7:19 of 3rd period - Carey Price enters game.
7:20 of 3rd period - Robert Nilsson wins face-off versus Joe Sakic in neutral zone.
7:27 of 3rd period - Snap shot by Henrik Zetterberg.
7:27 of 3rd period - Shot Misses the Net.
8:34 of 3rd period - Snap shot by Steve Ott.
8:34 of 3rd period - Stopped by Jocelyn Thibault without a rebound.
8:35 of 3rd period - Ryan Craig wins face-off versus Robert Nilsson in Blackhawks zone.
8:52 of 3rd period - Wes O'Neill is hit by Jeremy Williams and loses puck.
9:12 of 3rd period - Wrist shot by Jeremy Williams.
9:12 of 3rd period - Stopped by Jocelyn Thibault without a rebound.
9:13 of 3rd period - Scott Gomez wins face-off versus Joe Sakic in Blackhawks zone.
9:13 of 3rd period - Scott Gomez is hit by David Jones.
9:40 of 3rd period - Minor Penalty to George Parros for Hooking.
9:41 of 3rd period - Matt Stajan wins face-off versus Dominic Moore in Blackhawks zone.
10:13 of 3rd period - Icing by David Jones.
10:14 of 3rd period - Joe Sakic wins face-off versus Kris Versteeg in Canucks zone.
10:38 of 3rd period - Off-side.
10:39 of 3rd period - Joe Sakic wins face-off versus Kris Versteeg in neutral zone.
10:42 of 3rd period - Slapshot by Chris Phillips.
10:42 of 3rd period - Shot Misses the Net.
10:44 of 3rd period - Slapshot by Clarke MacArthur.
10:44 of 3rd period - Deflect By David Jones.
10:44 of 3rd period - Shot Misses the Net.
10:44 of 3rd period - Puck is out of play.
10:45 of 3rd period - David Jones wins face-off versus Kris Versteeg in Blackhawks zone.
11:02 of 3rd period - Slapshot by David Jones.
11:02 of 3rd period - Shot Misses the Net.
11:04 of 3rd period - Slapshot by Alex Goligoski.
11:04 of 3rd period - Goal by Alex Goligoski - Blackhawks : 8 - Canucks : 4.
11:05 of 3rd period - Robert Nilsson wins face-off versus Matt Stajan in neutral zone.
11:11 of 3rd period - Icing by Jaromir Jagr.
11:12 of 3rd period - Matt Stajan wins face-off versus Robert Nilsson in Canucks zone.
11:44 of 3rd period - Slapshot by Johnny Oduya.
11:44 of 3rd period - Stopped by Carey Price with a rebound.
11:46 of 3rd period - Backhand shot by Steve McCarthy.
11:46 of 3rd period - Shot Blocked by Joe Sakic.
12:10 of 3rd period - Slapshot by Maxim Lapierre.
12:10 of 3rd period - Deflect By Nikolai Zherdev.
12:10 of 3rd period - Stopped by Jocelyn Thibault without a rebound.
12:11 of 3rd period - Robert Nilsson wins face-off versus Matt Stajan in Blackhawks zone.
12:18 of 3rd period - Snap shot by Robert Nilsson.
12:18 of 3rd period - Stopped by Carey Price without a rebound.
12:19 of 3rd period - Robert Nilsson wins face-off versus Matt Stajan in Canucks zone.
12:20 of 3rd period - Snap shot by Henrik Zetterberg.
12:20 of 3rd period - Shot Misses the Net.
12:22 of 3rd period - Slapshot by Chris Campoli.
12:22 of 3rd period - Deflect By Jamie Langenbrunner.
12:22 of 3rd period - Stopped by Carey Price without a rebound.
12:23 of 3rd period - Robert Nilsson wins face-off versus Matt Stajan in Canucks zone.
12:26 of 3rd period - Slapshot by Robert Nilsson.
12:26 of 3rd period - Deflect By Henrik Zetterberg.
12:26 of 3rd period - Stopped by Carey Price with a rebound.
12:37 of 3rd period - Peter Worrell beats up Henrik Zetterberg.
12:37 of 3rd period - Penalty to Peter Worrell for Fighting.
12:37 of 3rd period - Penalty to Henrik Zetterberg for Fighting.
12:37 of 3rd period - Penalty to Peter Worrell for instigated a fight.
12:37 of 3rd period - Penalty to Peter Worrell for instigated a fight.
12:38 of 3rd period - Nikolai Zherdev wins face-off versus Robert Nilsson in Blackhawks zone.
13:39 of 3rd period - Slapshot by Robert Nilsson.
13:39 of 3rd period - Stopped by Carey Price with a rebound.
13:41 of 3rd period - Slapshot by John Carlson.
13:41 of 3rd period - Shot Blocked by Alex Tanguay.
13:43 of 3rd period - Snap shot by Chris Higgins.
13:43 of 3rd period - Stopped by Carey Price without a rebound.
13:44 of 3rd period - Nikolai Zherdev wins face-off versus Scott Gomez in Canucks zone.
14:37 of 3rd period - Penalty to Peter Worrell is over, David Jones is send on ice.
17:32 of 3rd period - Linus Omark is hit by Maxim Lapierre and loses puck.
18:46 of 3rd period - Jeremy Williams is hit by John Carlson and loses puck.
19:05 of 3rd period - Karl Alzner is hit by Sheldon Keefe and loses puck.
19:24 of 3rd period - Chris Phillips is hit by Dominic Moore and loses puck.
Goals for this period are 3 for Blackhawks vs 1 for Canucks.
Shots for this period are 15 for Blackhawks vs 7 for Canucks.
Output by the SimonT Hockey Simulator (STHS) for François Prévost -- Original Page W3C XHTML 1.0 Valid